 Dungeon Crawl Stone Soup version 0.31.0 (webtiles) character file.

Game seed: 4775510612222578675

35 qw the Shooter (level 3, 0/21 HPs)
             Began as a Gargoyle Hunter on Jan 19, 2024.
             Slain by a gnoll
             ... wielding a +0 spear
              (6 damage)
             ... on level 2 of the Dungeon.
             The game lasted 00:00:04 (1182 turns).

qw the Shooter (Gargoyle Hunter)                    Turns: 1182, Time: 00:00:04

Health: 0/21       AC:  8    Str: 14    XL:     3   Next: 33%
Magic:  3/3        EV: 10    Int:  9    God:
Gold:   78         SH:  0    Dex: 15    Spells: 2/2 levels left

rFire   . . .        a - +1 shortbow
rCold   + . .        (shield currently unavailable)
rNeg    + . .        d - +0 ring mail
rPois   inf          (no helmet)
rElec   +            (no cloak)
rCorr   .            (no gloves)
SInv    .            (no boots)
Will    .....        (no amulet)
Stlth   +            l - ring of protection from cold
HPRegen 0.23/turn    (no ring)
MPRegen 0.08/turn

%: no passive effects
@: no status effects
A: sickness immunity, AC +3, negative energy resistance 1, electricity
resistance, torment resistance 1, petrification resistance
a: no special abilities


You were on level 2 of the Dungeon.
You visited 1 branch of the dungeon, and saw 2 of its levels.

You collected 78 gold pieces.


Innate Abilities, Weirdness & Mutations

You are immune to sickness and miasma.
Your stone body is resilient. (AC +3)
You are immune to poison.
You resist negative energy. (rN+)
You are resistant to electric shocks. (rElec)
You are resistant to unholy torment.
You are immune to petrification.


   Skills:
 - Level 2.2 Fighting
 - Level 5.0 Ranged Weapons
 + Level 0.7 Armour
 - Level 1.5 Dodging
 - Level 1.1 Stealth


You had 2 spell levels left.
You didn't know any spells.
Your spell library was empty.

Inventory:

Hand Weapons
 a - a +1 shortbow (weapon)
Armour
 d - a +0 ring mail (worn)
Jewellery
 l - a ring of protection from cold (left hand)
Scrolls
 c - a scroll of revelation {unknown}
Potions
 b - a potion of degeneration {unknown}
 e - a potion of might
 n - a potion of lignification {unknown}

Dungeon Overview and Level Annotations

Branches:
Dungeon (2/15)

Altars:

Shops:
D:1 [


Message History

You shoot an arrow.
The arrow closely misses the ball python.
You shoot an arrow. The arrow hits the ball python.
You kill the ball python!
You see here a +2 short sword of speed.
Found an escape hatch in the floor. 3 gnolls come into view.
The gnoll shouts! x2; You hear a shout!
The gnoll shouts!
Enter note:
Enter note:
1174 ||| RETREEEEATING.
A gnoll comes into view. It is wielding a +0 club.
You shoot an arrow. The arrow hits the gnoll.
The gnoll is moderately wounded.
You shoot an arrow.
The arrow hits the gnoll but does no damage.
The gnoll is moderately wounded.
The gnoll hits you from afar with a +0 halberd!
Ouch! That really hurt!
You shoot an arrow.
The arrow hits the gnoll but does no damage.
The gnoll is moderately wounded.
The gnoll hits you from afar with a +0 halberd.
You shoot an arrow. The arrow hits the gnoll.
The gnoll is moderately wounded.
The gnoll barely misses you.
Enter note:
1180 ||| RETREEEEATING.
The gnoll closely misses you.
You shoot an arrow. The arrow hits the gnoll.
The gnoll is lightly wounded.
A bat comes into view.
The gnoll closely misses you.
The gnoll hits you from afar with a +0 spear.
The bat moves out of view.
You shoot an arrow.
The arrow hits the gnoll but does no damage.
The gnoll is lightly wounded.
The gnoll hits you from afar with a +0 spear.
You die...

.. ###### ......#
....#....# ......#
....#....# ......# #..#
...%#....# .....# #..#
........# g..>. #..#
##.....# ... #..#
#......#####g# #..#
#.....)...@..# #..#
#....####.......... #..###
#....#....########## #.....
#....#.#..# ##.....###.####
#....#.#..# #.......<....#.
#....#.#..###......#####.#.
##.#.#)#........#### #.#.
#.#.#.....#.##.# #.#.
#.#..........#.# #.#.


You could see a gnoll.

Vanquished Creatures
  A dart slug (D:1)
  A ribbon worm (D:2)
  A ball python (D:2)
  4 endoplasms
  3 giant cockroaches (D:1)
  2 goblins (D:1)
  2 hobgoblins (D:1)
  A quokka (D:1)
  5 bats (D:1)
  A frilled lizard (D:1)
  6 kobolds
  A rat (D:1)
28 creatures vanquished.

Notes
Turn   | Place    | Note
-------+----------+-------------------------------------------
     0 | D:1      | qw the Gargoyle Hunter began the quest for the Orb.
     0 | D:1      | Reached XP level 1. HP: 12/12 MP: 1/1
     0 | D:1      | 0 ||| qw: Version: 0.3-a-132-g3d54051
     0 | D:1      | 0 ||| qw: Game counter: 68
     0 | D:1      | 0 ||| qw: Melee chars always use a shield: true
     0 | D:1      | 0 ||| qw: God list: Okawaru
     0 | D:1      | 0 ||| qw: Allow faded altars: false
     0 | D:1      | 0 ||| qw: Do Orc after clearing Dungeon:15 true
     0 | D:1      | 0 ||| qw: Do second Lair branch before Depths: true
     0 | D:1      | 0 ||| qw: Lair rune preference: random
     0 | D:1      | 0 ||| qw: Goals: Normal
     0 | D:1      | 0 ||| PLANNING D:1-11
    83 | D:1      | Reached XP level 2. HP: 17/17 MP: 2/2
   249 | D:1      | Found Zatit's Antique Armour Boutique.
   258 | D:1      | 258 ||| SHOPLISTING embroidered robe (85 gold, have 14).
   258 | D:1      | 258 ||| SHOPLISTING embroidered scarf (184 gold, have 14).
   410 | D:1      | Reached XP level 3. HP: 21/21 MP: 3/3
   565 | D:1      | Reached skill level 5 in Ranged Weapons
   767 | D:1      | 767 ||| UPGRADING to +0 ring mail.
   777 | D:1      | 777 ||| DROPPING +0 leather armour.
   778 | D:1      | 778 ||| UPGRADING to ring of protection from cold.
   779 | D:1      | 779 ||| READING scroll labelled JYCOGA KOMAGA.
   780 | D:1      | 780 ||| READING scroll labelled JEDEETR BOEPH.
   780 | D:1      | 780 ||| ENCHANTING +0 shortbow.
   781 | D:1      | 781 ||| READING scroll labelled IQOSHERHIR.
   781 | D:1      | 781 ||| IDENTIFYING lumpy orange potion
   782 | D:1      | 782 ||| READING scroll labelled DOAPNE TUO.
   883 | D:1      | 883 ||| READING scroll labelled DUNWAVV YZECW.
   888 | D:1      | 888 ||| READING scroll labelled SESIMNOIXTE.
   905 | D:1      | 905 ||| DRINKING 2 glowing silvery potions.
   906 | D:1      | 906 ||| DROPPING scroll of butterflies.
   907 | D:1      | 907 ||| DROPPING potion of attraction.
  1015 | D:2      | 1015 ||| FLEEEEING.
  1174 | D:2      | 1174 ||| RETREEEEATING.
  1180 | D:2      | 1180 ||| RETREEEEATING.
  1182 | D:2      | Slain by a gnoll

Levels and vault maps discovered:
D:1:      wander_arrival_fairy_ring, layout_basic, serial_shops, shop,
          minmay_split_cup_small
D:2:      layout_basic

Skill      XL: |  1  2  3 |
---------------+----------+-----
Ranged Weapons | 5 |  5.0
Fighting       | |  2.2
Armour         | |  0.7
Dodging        | |  1.5
Stealth        | |  1.1

Action                     || total
---------------------------++-------
   Fire: Shortbow          ||    87
    Use: Scroll            ||     6
         Potion            ||     1
 Armour: Leather armour    ||    12
         Ring mail         ||     7
  Dodge: Dodged            ||    23

Table legend:
 A = Non-vault XP
 B = Vault XP
 C = Vault XP percentage of total XP
 D = Non-vault monster count
 E = Vault monster count
 F = Vault count percentage of total count
                 A         B        C        D         E       F
            +---------+---------+-------+---------+---------+-------
      Total |      44 |       6 |  12.0 |      25 |       3 |  10.7
            +---------+---------+-------+---------+---------+-------
        D:1 |      35 |       6 |  14.6 |      21 |       3 |  12.5
        D:2 |       9 |       0 |   0.0 |       4 |       0 |   0.0
            +---------+---------+-------+---------+---------+-------
